[Event "Titled Tuesday Blitz May 16 Early 2023"]
[White "Cupid, Kevin"]
[Black "Belov, Alexei"]
[WhiteFideId "7700512"]
[BlackFideId "4128206"]
[WhiteElo "2124"]
[BlackElo "2526"]
[Result "0-1"]
[Round "02"]
[TimeControl "180+2"]
[Date "2023.05.16"]
[WhiteClock "0:02:48"]
[BlackClock "0:02:16"]

1. d4 e6 2. Nf3 d5 3. c4 Nf6 4. Nc3 Be7 5. Bg5 Nbd7 6. Qc2 O-O 7. e3 c5 8. dxc5 Nxc5 9. Bxf6 Bxf6 10. cxd5 exd5 11. Rd1 Be6 12. Be2 Rc8 13. Nd4 Ne4 14. Nxe6 fxe6 15. O-O Bxc3 16. bxc3 Nxc3 17. Rd2 0-1


[Site "https://www.chess.com"]

[Event "Titled Tuesday Blitz May 16 Early 2023"]
[White "Staudenhocker43"]
[Black "Allahverdiyeva, Ayan"]
[BlackFideId "13412590"]
[WhiteElo "2526"]
[BlackElo "1980"]
[Result "1-0"]
[Round "02"]
[TimeControl "180+2"]
[Date "2023.05.16"]
[WhiteClock "0:02:19"]
[BlackClock "0:01:00"]

1. d4 Nf6 2. c4 e6 3. Nc3 Bb4 4. e3 O-O 5. Bd2 c5 6. a3 cxd4 7. axb4 dxc3 8. Bxc3 Ne4 9. Ne2 Nxc3 10. Nxc3 b6 11. Qf3 d5 12. cxd5 exd5 13. Qxd5 Qxd5 14. Nxd5 Nc6 15. Bb5 Bb7 16. Bxc6 Bxc6 17. Ne7+ Kh8 18. Nxc6 a6 19. Ke2 Rfc8 20. Nd4 Rc4 21. b5 a5 22. Rhc1 Rb4 23. b3 g6 24. Rc6 Rb8 25. Ra4 Rxa4 26. bxa4 Kg7 27. g4 Kf8 28. Rc7 h6 29. f4 Ke8 30. h4 Kf8 31. Kd3 Kg7 32. e4 Kf6 33. e5+ Kg7 34. e6 1-0


[Site "https://www.chess.com"]

[Event "Titled Tuesday Blitz May 16 Early 2023"]
[White "Krsnik Cohar, Ivan Vihor"]
[Black "Szente Varga, Fruzsina"]
[WhiteFideId "14520044"]
[BlackFideId "712264"]
[WhiteElo "2414"]
[BlackElo "1994"]
[Result "1-0"]
[Round "02"]
[TimeControl "180+2"]
[Date "2023.05.16"]
[WhiteClock "0:00:02"]
[BlackClock "0:00:02"]

1. e4 Nf6 2. e5 Nd5 3. d4 d6 4. c4 Nb6 5. exd6 exd6 6. Nc3 Be7 7. Bd3 O-O 8. Nge2 Bf6 9. Be3 Re8 10. Qd2 Nc6 11. O-O Bg4 12. f3 Bh5 13. b3 Bg6 14. Be4 Qd7 15. Rae1 Rad8 16. Nf4 Bh4 17. g3 Bf6 18. Bxg6 hxg6 19. Nfd5 Qh3 20. a4 Kh7 21. Nxf6+ gxf6 22. Ne4 Kg7 23. d5 Ne5 24. f4 Ng4 25. Bd4 Nd7 26. Qb2 Rh8 27. Re2 Rde8 28. Rfe1 Rxe4 29. Rxe4 Nxh2 30. Qg2 Qh5 31. Kf2 Ng4+ 32. Kg1 Qf5 33. Bc3 Rh2 34. Qxh2 Nxh2 35. Kxh2 Qh5+ 36. Kg2 Nc5 37. Re8 Nd3 38. R1e3 Nc5 39. Rc8 Nxb3 40. Ree8 Qh7 41. Rg8+ Qxg8 42. Bxf6+ Kh7 43. Rxg8 Kxg8 44. Bd8 c6 45. Be7 Nd2 46. dxc6 bxc6 47. Bxd6 Nxc4 48. Bc7 Kf8 49. Kf3 Ke7 50. Ke4 Kd7 51. Bb8 a6 52. Kd4 Nd2 53. Kc5 Nf1 54. Kb6 Nxg3 55. Kxa6 Kc8 56. Be5 Nf5 57. a5 Ne7 58. Kb6 Kd7 59. Kb7 Nd5 60. a6 f6 61. a7 fxe5 62. a8=Q exf4 63. Qc8+ Ke7 64. Qxc6 Nf6 65. Qc7+ Ke6 66. Qxf4 Nd5 67. Qg5 Ne7 68. Kc7 Kf7 69. Kd7 Nf5 70. Kc6 Nd4+ 71. Kd5 Ne6 72. Qg4 Ng7 73. Ke5 Nf5 74. Qg5 Kg7 75. Qf6+ Kh6 76. Kf4 Kh7 77. Qg5 Kg7 78. Qg4 Kf6 79. Qf3 g5+ 80. Kg4 1-0


[Site "https://www.chess.com"]

[Event "Titled Tuesday Blitz May 16 Early 2023"]
[White "Onslow, Alfie"]
[Black "Gonzalez, Francisco Silva"]
[WhiteFideId "436976"]
[BlackFideId "1512285"]
[WhiteElo "2114"]
[BlackElo "2074"]
[Result "0-1"]
[Round "02"]
[TimeControl "180+2"]
[Date "2023.05.16"]
[WhiteClock "0:00:00"]
[BlackClock "0:00:21"]

1. Nf3 d5 2. c4 e6 3. g3 a6 4. Bg2 dxc4 5. Qc2 b5 6. a4 Bb7 7. O-O Nc6 8. Na3 Nf6 9. b3 Nb4 10. Qd1 cxb3 11. Qxb3 Bd5 12. Qb1 c6 13. d3 e5 14. Nxe5 Bxg2 15. Kxg2 Bc5 16. Bb2 O-O 17. Qc1 Be7 18. Nc2 Nxc2 19. Qxc2 c5 20. Qb3 Bd6 21. Nf3 Rb8 22. axb5 axb5 23. Ra6 c4 24. Qc3 Re8 25. e4 Bc5 26. d4 Nxe4 27. Qe3 Nxg3 28. Qg5 Qxg5 29. Nxg5 Nxf1 30. dxc5 Nd2 31. Ra7 Rf8 32. c6 Rbc8 33. c7 h6 34. Nf3 Nxf3 35. Kxf3 b4 36. Be5 Rfe8 37. Bd6 b3 38. Rb7 Kh7 0-1


[Site "https://www.chess.com"]

[Event "Titled Tuesday Blitz May 16 Early 2023"]
[White "Ginzburg, Yakov"]
[Black "De Souza, Cristiano Gomes"]
[WhiteFideId "4157176"]
[BlackFideId "2151758"]
[WhiteElo "2305"]
[BlackElo "2068"]
[Result "1-0"]
[Round "02"]
[TimeControl "180+2"]
[Date "2023.05.16"]
[WhiteClock "0:00:57"]
[BlackClock "0:00:53"]

1. e4 c5 2. Nf3 d6 3. d4 cxd4 4. Nxd4 Nf6 5. Nc3 g6 6. Be3 Bg7 7. f3 O-O 8. Qd2 Nc6 9. Bc4 Bd7 10. O-O-O Rc8 11. Bb3 Ne5 12. h4 h5 13. Bh6 Nc4 14. Bxc4 Rxc4 15. Bxg7 Kxg7 16. Kb1 Qa5 17. Nd5 Qxd2 18. Rxd2 Nxd5 19. exd5 Rfc8 20. Re1 Kf8 21. c3 R8c5 22. Nb3 Rc7 23. Rde2 b6 24. Nd4 R4c5 25. Rxe7 Rxd5 26. R7e3 Bf5+ 27. Nxf5 Rxf5 28. Re8+ Kg7 29. Rd1 Rd7 30. Rd4 Rf6 31. Kc2 Re6 32. Re4 Rxe4 33. Rxe4 Kf6 34. Kd3 Re7 35. Rxe7 Kxe7 36. Kd4 a6 37. Kd5 Kd7 38. c4 f6 39. g4 b5 40. gxh5 gxh5 41. cxb5 axb5 42. a3 f5 43. b3 Ke7 44. a4 bxa4 45. bxa4 Kd7 46. a5 Kc7 47. f4 Kd7 48. a6 Kc7 49. a7 Kb7 50. Kxd6 Kxa7 51. Ke6 Kb6 52. Kxf5 Kc6 53. Kg5 Kd6 54. Kxh5 Ke6 55. Kg6 1-0


[Site "https://www.chess.com"]

[Event "Titled Tuesday Blitz May 16 Early 2023"]
[White "Mikhaylova, Irina"]
[Black "Estrada Nieto, Julian"]
[WhiteFideId "4109040"]
[BlackFideId "5101018"]
[WhiteElo "1975"]
[BlackElo "2161"]
[Result "0-1"]
[Round "02"]
[TimeControl "180+2"]
[Date "2023.05.16"]
[WhiteClock "0:00:53"]
[BlackClock "0:00:53"]

1. d4 d5 2. Nf3 Nf6 3. c4 dxc4 4. e3 e6 5. Bxc4 c5 6. dxc5 a6 7. Qxd8+ Kxd8 8. b4 a5 9. Ne5 Ke8 10. Bb5+ Nbd7 11. bxa5 Rxa5 12. a4 Bxc5 13. O-O Ke7 14. Nxd7 Bxd7 15. Ba3 Bxa3 16. Nxa3 Bxb5 17. Nxb5 Rha8 18. Nc3 Nd5 19. Nxd5+ exd5 20. Rab1 R8a7 21. Rfd1 Rxa4 22. Rxd5 Ra1 23. Rdd1 Rxb1 24. Rxb1 Kd6 25. g4 Kc6 26. Kg2 Ra4 27. Kf3 b5 28. h4 b4 29. Ke2 Ra2+ 30. Kd3 Kb5 31. f4 Rh2 32. h5 Rh4 33. g5 Rxh5 34. Rc1 f6 35. gxf6 gxf6 36. Rc7 h6 37. Rf7 Rd5+ 38. Ke4 Rd6 39. Kf5 b3 40. Rg7 Kc4 41. e4 b2 42. Rg1 Kc3 43. e5 fxe5 44. fxe5 Rb6 0-1


[Site "https://www.chess.com"]

[Event "Titled Tuesday Blitz May 16 Early 2023"]
[White "Maxfan2008"]
[Black "Kaminski, Victor"]
[BlackFideId "1131630"]
[WhiteElo "2522"]
[BlackElo "2181"]
[Result "1-0"]
[Round "02"]
[TimeControl "180+2"]
[Date "2023.05.16"]
[WhiteClock "0:00:21"]
[BlackClock "0:00:00"]

1. d4 Nf6 2. c4 e6 3. Nc3 Bb4 4. Nf3 d5 5. cxd5 exd5 6. Bg5 O-O 7. e3 c5 8. dxc5 Nbd7 9. Rc1 h6 10. Bh4 Nxc5 11. Bxf6 Qxf6 12. Qxd5 Be6 13. Qd4 Qxd4 14. Nxd4 Rac8 15. a3 Bxc3+ 16. Rxc3 Na4 17. Rxc8 Rxc8 18. Nxe6 fxe6 19. b3 Nc5 20. Bc4 Kf7 21. Ke2 b5 22. Bxb5 Nxb3 23. Rb1 Nc5 24. f3 Rc7 25. e4 Kf6 26. Ke3 e5 27. Bc4 Nxe4 28. Bd3 Nc3 29. Rb8 Nd5+ 30. Kd2 Nf4 31. Bf1 Rd7+ 32. Kc2 Nd5 33. Bb5 Ne3+ 34. Kb3 Rc7 35. g3 Nf5 36. Rf8+ Kg5 37. h4+ Nxh4 38. gxh4+ Kxh4 39. a4 Kg3 40. Rf5 Re7 41. Bc6 1-0


[Site "https://www.chess.com"]

[Event "Titled Tuesday Blitz May 16 Early 2023"]
[White "Rose, Felix"]
[Black "Karas, Marek"]
[WhiteFideId "5105722"]
[BlackFideId "14928558"]
[WhiteElo "2039"]
[BlackElo "2233"]
[Result "0-1"]
[Round "02"]
[TimeControl "180+2"]
[Date "2023.05.16"]
[WhiteClock "0:01:45"]
[BlackClock "0:01:36"]

1. e4 e6 2. d4 d5 3. Nc3 Nf6 4. e5 Nfd7 5. f4 c5 6. Nf3 Nc6 7. Be3 Be7 8. Qd2 O-O 9. Be2 b6 10. O-O-O c4 11. g4 b5 12. Nxb5 Qb6 13. Nd6 Rb8 14. Qc3 Bxd6 15. exd6 Nb4 16. Qa3 Qxd6 17. c3 Nd3+ 18. Bxd3 Qxa3 19. bxa3 cxd3 20. Rxd3 Ba6 21. Rd2 Rfc8 22. Rc2 Bd3 23. Rb2 Be4 24. Rxb8 Rxb8 0-1


[Site "https://www.chess.com"]

[Event "Titled Tuesday Blitz May 16 Early 2023"]
[White "cristianserban1"]
[Black "Smith, Shreyas"]
[BlackFideId "7400713"]
[WhiteElo "2521"]
[BlackElo "2151"]
[Result "1-0"]
[Round "02"]
[TimeControl "180+2"]
[Date "2023.05.16"]
[WhiteClock "0:00:06"]
[BlackClock "0:00:00"]

1. d4 d5 2. Bf4 c5 3. e3 Nc6 4. Nf3 cxd4 5. exd4 Bg4 6. c3 e6 7. Nbd2 Bd6 8. Bxd6 Qxd6 9. Qb3 Nge7 10. Bd3 O-O 11. O-O Bxf3 12. Nxf3 Qc7 13. Rfe1 Rab8 14. Ne5 Nxe5 15. Rxe5 Ng6 16. Bxg6 hxg6 17. a4 Rfc8 18. a5 b6 19. axb6 Rxb6 20. Qa3 Rcb8 21. Re2 Qc4 22. Rd2 Rb3 23. Qa2 a5 24. Qxa5 g5 25. Ra2 Rxc3 26. h3 Rc1+ 27. Kh2 Qf1 28. Ra3 Qh1+ 29. Kg3 Rg1 30. f3 Rc1 31. Re3 Qf1 32. Qa7 Qb5 33. Qe7 Rc4 34. Qxg5 Qb4 35. Red3 Rc1 36. h4 Qd6+ 37. Qf4 Qd8 38. h5 Rb4 39. Qg4 Rbc4 40. Re3 Qf6 41. Re5 Re1 42. Rxe1 Rxd4 43. Rxd4 e5 44. Rxd5 1-0


[Site "https://www.chess.com"]

[Event "Titled Tuesday Blitz May 16 Early 2023"]
[White "lluiss"]
[Black "Tomiello, Mateus Costamilan"]
[BlackFideId "22701958"]
[WhiteElo "2292"]
[BlackElo "1990"]
[Result "1/2-1/2"]
[Round "02"]
[TimeControl "180+2"]
[Date "2023.05.16"]
[WhiteClock "0:00:19"]
[BlackClock "0:00:19"]

1. Nf3 Nf6 2. c4 g6 3. g3 Bg7 4. Bg2 O-O 5. O-O d5 6. cxd5 Nxd5 7. Nc3 Nb6 8. d4 Nc6 9. e3 e5 10. d5 Ne7 11. e4 Bg4 12. b3 c6 13. Ba3 cxd5 14. Nxd5 Nbxd5 15. exd5 e4 16. Re1 exf3 17. Bxe7 Qd7 18. Bxf3 Bxf3 19. Qxf3 Rfe8 20. d6 Bxa1 21. Rxa1 Rxe7 22. dxe7 Qxe7 23. Rd1 Re8 24. Kg2 b6 25. Rd2 Qa3 26. h4 h5 27. Rd7 Rf8 28. Rd2 Qb4 29. Qd5 Qa3 30. Qd4 Re8 31. Qf4 Qa5 32. Rd7 Rf8 33. Qd2 Qa3 34. Rd8 Rxd8 35. Qxd8+ Kg7 36. Qd4+ Kh7 37. Qd7 Kg7 38. Qd4+ Kg8 39. Qd8+ Qf8 40. Qxf8+ Kxf8 41. Kf3 Ke7 42. Ke4 Ke6 43. f3 f6 44. a3 g5 45. f4 g4 46. f5+ Kd6 47. Kd4 b5 48. b4 Kc6 49. Ke4 Kd6 50. Kd4 Kc6 51. Ke4 a6 52. Kd4 Kd6 53. Ke4 Kc6 54. Kd4 Kd6 55. Ke4 Kc6 1/2-1/2


[Site "https://www.chess.com"]

[Event "Titled Tuesday Blitz May 16 Early 2023"]
[White "iHateNAJDORF"]
[Black "Rodriguez Santiago, Jaime"]
[BlackFideId "3100898"]
[WhiteElo "2518"]
[BlackElo "2025"]
[Result "1-0"]
[Round "02"]
[TimeControl "180+2"]
[Date "2023.05.16"]
[WhiteClock "0:01:04"]
[BlackClock "0:00:50"]

1. c4 e5 2. Nc3 Nf6 3. g3 c6 4. Nf3 e4 5. Nd4 d5 6. cxd5 cxd5 7. d3 Be7 8. Bg2 exd3 9. Qxd3 O-O 10. O-O Nc6 11. Rd1 Bc5 12. Be3 Nb4 13. Qd2 Be6 14. Nxe6 Bxe3 15. Qxe3 fxe6 16. Qxe6+ Kh8 17. a3 Re8 18. Qf5 g6 19. Qg5 Nc6 20. Nxd5 Nxd5 21. Qxd5 Qxd5 22. Bxd5 Rxe2 23. b4 Rf8 24. f4 Nd8 25. Re1 Rd2 26. Rad1 Rb2 27. Re7 b6 28. Rxa7 g5 29. fxg5 Rff2 30. Ra8 Rf8 1-0


[Site "https://www.chess.com"]

[Event "Titled Tuesday Blitz May 16 Early 2023"]
[White "Blokhin, Sofia"]
[Black "Shvedova, Alexandra"]
[WhiteFideId "4508190"]
[BlackFideId "54154782"]
[WhiteElo "1994"]
[BlackElo "1973"]
[Result "0-1"]
[Round "02"]
[TimeControl "180+2"]
[Date "2023.05.16"]
[WhiteClock "0:00:02"]
[BlackClock "0:00:15"]

1. d4 Nf6 2. c4 e6 3. Nc3 Bb4 4. f3 O-O 5. e4 c5 6. a3 cxd4 7. Qxd4 Nc6 8. Qe3 Be7 9. e5 Ne8 10. Bd3 d6 11. f4 f6 12. exd6 Nxd6 13. Nf3 b6 14. b4 a5 15. c5 bxc5 16. bxc5 Nf5 17. Qe4 Bd7 18. g4 Re8 19. gxf5 exf5 20. Qd5+ Kh8 21. O-O Qc8 22. Nh4 Be6 23. Qg2 Bxc5+ 24. Kh1 Nd4 25. Nb5 Nxb5 26. Bxb5 Re7 27. Be2 Rb8 28. Bf3 Bd4 29. Ra2 Bxa2 30. Qxa2 Qe8 31. Qd2 Be3 32. Qd1 Rb1 33. Qc2 Rxc1 34. Rxc1 Bxc1 35. Qxc1 Re1+ 36. Qxe1 Qxe1+ 37. Kg2 Qxh4 0-1


[Site "https://www.chess.com"]

[Event "Titled Tuesday Blitz May 16 Early 2023"]
[White "Buscar, Michael"]
[Black "Perera Alfonso, Rene Humberto"]
[WhiteFideId "2603616"]
[BlackFideId "3514722"]
[WhiteElo "2010"]
[BlackElo "2313"]
[Result "1-0"]
[Round "02"]
[TimeControl "180+2"]
[Date "2023.05.16"]
[WhiteClock "0:00:43"]
[BlackClock "0:00:00"]

1. d4 d5 2. c4 c6 3. Nf3 Nf6 4. cxd5 cxd5 5. Nc3 Nc6 6. Bf4 Bf5 7. e3 e6 8. Bd3 Bxd3 9. Qxd3 Bb4 10. O-O O-O 11. a3 Bxc3 12. Qxc3 Rc8 13. Rfc1 Ne4 14. Qe1 Qb6 15. b4 a5 16. bxa5 Nxa5 17. Ne5 Qa6 18. Rab1 h6 19. f3 Nd6 20. Nd7 Rfd8 21. Rxc8 Rxc8 22. Nc5 Rxc5 23. dxc5 Ndc4 24. Qb4 e5 25. Bg3 1-0


[Site "https://www.chess.com"]

[Event "Titled Tuesday Blitz May 16 Early 2023"]
[White "Klepikov, Nikita"]
[Black "Dino_Ballecer"]
[WhiteFideId "24145220"]
[WhiteElo "2025"]
[BlackElo "2514"]
[Result "0-1"]
[Round "02"]
[TimeControl "180+2"]
[Date "2023.05.16"]
[WhiteClock "0:00:38"]
[BlackClock "0:02:57"]

1. e4 c5 2. Nf3 d6 3. d4 cxd4 4. Nxd4 Nf6 5. Nc3 g6 6. Bc4 Bg7 7. Be3 O-O 8. Bb3 Nc6 9. f3 Bd7 10. Qd2 Rc8 11. O-O-O Nxd4 12. Bxd4 b5 13. h4 a5 14. a4 bxa4 15. Nxa4 Bxa4 16. Bxa4 Rc4 17. Bb3 Nxe4 18. fxe4 Rxd4 19. Qe3 Qb6 20. Rxd4 Bxd4 21. Qh6 Be3+ 0-1


[Site "https://www.chess.com"]

[Event "Titled Tuesday Blitz May 16 Early 2023"]
[White "Degenbaev, Aziz"]
[Black "Balint, Vilmos"]
[WhiteFideId "13802640"]
[BlackFideId "718050"]
[WhiteElo "2152"]
[BlackElo "2034"]
[Result "1/2-1/2"]
[Round "02"]
[TimeControl "180+2"]
[Date "2023.05.16"]
[WhiteClock "0:00:06"]
[BlackClock "0:01:22"]

1. e4 e6 2. d4 d5 3. Nc3 Bb4 4. e5 Ne7 5. Nf3 b6 6. a3 Bxc3+ 7. bxc3 Ba6 8. Bxa6 Nxa6 9. Qd3 Nb8 10. a4 Nbc6 11. Ba3 Na5 12. Nd2 Qd7 13. O-O O-O-O 14. Bb4 Nec6 15. Qa6+ Kb8 16. Rfb1 Qc8 17. Qb5 a6 18. Qd3 Ka7 19. Bxa5 Nxa5 20. c4 dxc4 21. Nxc4 Nxc4 22. Qxc4 Qd7 23. c3 Rc8 24. a5 b5 25. Qc5+ Kb7 26. c4 c6 27. Qb6+ Ka8 28. Qxa6+ Qa7 29. cxb5 Qxa6 30. bxa6 Rc7 31. Rb6 Rd8 32. Rab1 Rxd4 33. Rb8+ Ka7 34. R8b7+ Rxb7 35. axb7 Kb8 36. g3 Ra4 37. Rb6 Rxa5 38. Rxc6 Kxb7 39. Rd6 Kc7 40. f4 Ra2 41. Rd3 g6 42. Rc3+ Kd7 43. Rb3 Kc6 44. Rd3 h5 45. Rd8 Kc5 46. Rd7 h4 47. gxh4 Kc4 48. Rxf7 Kd4 49. Rf6 Ke3 50. Rxg6 Kf3 51. Rg3+ Kxf4 52. h5 Kxe5 53. h6 Ra8 54. h4 Rh8 55. Rg6 Kf5 56. h5 e5 57. Kf2 Rh7 58. Ke3 e4 59. Ra6 Re7 60. Ra5+ Kg4 61. Rc5 Kh4 62. Rd5 Kg4 63. Rc5 Kh4 64. Rf5 Kg4 65. Ra5 Kh4 66. Rb5 Kg4 67. Rc5 1/2-1/2


[Site "https://www.chess.com"]

[Event "Titled Tuesday Blitz May 16 Early 2023"]
[White "MIM06"]
[Black "Kuzmin, Roman"]
[BlackFideId "44134932"]
[WhiteElo "2278"]
[BlackElo "2122"]
[Result "1/2-1/2"]
[Round "02"]
[TimeControl "180+2"]
[Date "2023.05.16"]
[WhiteClock "0:00:14"]
[BlackClock "0:00:02"]

1. e4 c5 2. Nf3 d6 3. Bb5+ Bd7 4. Bxd7+ Qxd7 5. c4 Nc6 6. d4 cxd4 7. Nxd4 Nf6 8. Nc3 g6 9. Be3 Bg7 10. f3 Qc7 11. b3 Qa5 12. Qd2 O-O 13. O-O Nxd4 14. Bxd4 Nd7 15. Bxg7 Kxg7 16. Qd4+ Qe5 17. Qd2 a6 18. f4 Qc5+ 19. Kh1 b5 20. Rac1 Qb4 21. Qd4+ e5 22. fxe5 Nxe5 23. Nd5 Qa3 24. c5 f6 25. Nc7 dxc5 26. Rxc5 Rac8 27. Ne6+ Kg8 28. Rxc8 Rxc8 29. Qd5 Nf7 30. Qd7 Qc1 31. Rg1 Qc6 32. Qxc6 Rxc6 33. Nd4 Rd6 34. Nf3 Nd8 35. g3 Kf7 36. Kg2 Nc6 37. Kf2 Nb4 38. Ke3 Nxa2 39. Ra1 Nb4 40. Rc1 a5 41. Rc5 Rb6 42. Nd4 a4 43. Rxb5 Rxb5 44. Nxb5 axb3 45. Kd2 Ke6 46. Kc3 Nc6 47. Kxb3 Ke5 48. Nc3 Kd4 49. Kc2 Ke3 50. Nd5+ Kxe4 51. Nxf6+ Kf3 52. Nxh7 Kg2 53. Kd3 Kxh2 54. g4 Kg3 55. g5 Kg4 56. Ke4 Nd8 57. Ke5 Kh5 58. Kf6 Nc6 59. Nf8 Nb4 60. Nxg6 Nd5+ 61. Kf5 Ne3+ 62. Kf6 Nd5+ 63. Kg7 Kxg5 1/2-1/2


[Site "https://www.chess.com"]

[Event "Titled Tuesday Blitz May 16 Early 2023"]
[White "Rosenberg, Evan S"]
[Black "Ezat, Mohamed"]
[WhiteFideId "2019299"]
[BlackFideId "10600906"]
[WhiteElo "2274"]
[BlackElo "2386"]
[Result "1-0"]
[Round "02"]
[TimeControl "180+2"]
[Date "2023.05.16"]
[WhiteClock "0:02:40"]
[BlackClock "0:01:19"]

1. d4 Nf6 2. Nf3 g6 3. Nc3 Bg7 4. e4 O-O 5. e5 Ne8 6. h4 d6 7. h5 dxe5 8. hxg6 hxg6 9. Bh6 exd4 10. Qd2 Qd6 11. Bxg7 Nxg7 12. Rh8+ Kxh8 13. Qh6+ Kg8 14. Ng5 Qe5+ 15. Nce4 1-0


[Site "https://www.chess.com"]

[Event "Titled Tuesday Blitz May 16 Early 2023"]
[White "Goltseva, Ekaterina"]
[Black "Zaichenko, Daria"]
[WhiteFideId "24173770"]
[BlackFideId "4197453"]
[WhiteElo "2114"]
[BlackElo "2039"]
[Result "1-0"]
[Round "02"]
[TimeControl "180+2"]
[Date "2023.05.16"]
[WhiteClock "0:01:03"]
[BlackClock "0:00:33"]

1. Nf3 Nf6 2. c4 e6 3. g3 d5 4. cxd5 exd5 5. Bg2 Be7 6. O-O O-O 7. d4 c5 8. dxc5 Bxc5 9. a3 h6 10. b4 Bd6 11. Bb2 Be6 12. Nc3 Nc6 13. Nb5 Be7 14. Nbd4 Ne4 15. Nxe6 fxe6 16. b5 Na5 17. Nd4 Nc4 18. Nxe6 Nxb2 19. Qb3 Qd6 20. Nxf8 Nd2 21. Qxb2 Nxf1 22. Ng6 Bf6 23. Qc2 Bxa1 24. Bxd5+ Kh7 25. Nf8+ Kh8 26. Qh7# 1-0


[Site "https://www.chess.com"]

[Event "Titled Tuesday Blitz May 16 Early 2023"]
[White "Afanasieva, Alexandra"]
[Black "Santos Flores, Alberto"]
[WhiteFideId "34126926"]
[BlackFideId "3601234"]
[WhiteElo "1745"]
[BlackElo "2235"]
[Result "0-1"]
[Round "02"]
[TimeControl "180+2"]
[Date "2023.05.16"]
[WhiteClock "0:01:36"]
[BlackClock "0:02:35"]

1. e4 c5 2. d3 Nc6 3. Nc3 g6 4. f4 Bg7 5. Nf3 e6 6. g3 Nge7 7. Bg2 d5 8. exd5 exd5 9. O-O O-O 10. Re1 h6 11. a3 Be6 12. Qe2 Qd7 13. Ne5 Nxe5 14. fxe5 Nc6 15. Qf2 b6 16. Bf4 g5 17. Bd2 Nxe5 18. Re2 Nc6 19. Rae1 Nd4 20. Rxe6 fxe6 21. Qe3 Nxc2 0-1


[Site "https://www.chess.com"]

[Event "Titled Tuesday Blitz May 16 Early 2023"]
[White "Mayeregger, Arnold"]
[Black "Sala, Giulia"]
[WhiteFideId "3705226"]
[BlackFideId "2840451"]
[WhiteElo "2038"]
[BlackElo "1769"]
[Result "0-1"]
[Round "02"]
[TimeControl "180+2"]
[Date "2023.05.16"]
[WhiteClock "0:00:48"]
[BlackClock "0:00:37"]

1. d4 b6 2. e4 Bb7 3. Bd3 Nf6 4. Nd2 d6 5. Qe2 Nc6 6. c3 e5 7. d5 Ne7 8. Nh3 Ng6 9. O-O Be7 10. f4 exf4 11. Nxf4 Ne5 12. Bc2 O-O 13. Nf3 Nfd7 14. Nd4 a5 15. Re1 Nc5 16. Nf5 Bg5 17. Be3 Ba6 18. Qh5 g6 19. Qh3 gxf5 20. Qxf5 Qf6 21. Nh5 Qxf5 22. exf5 Bxe3+ 23. Rxe3 Bd3 24. Bxd3 Ncxd3 25. Rd1 Nc5 26. g4 f6 27. h3 Rae8 28. Nf4 Nc4 29. Rxe8 Rxe8 30. b4 axb4 31. cxb4 Ne4 32. Ne6 c5 33. dxc6 Nc3 34. Rc1 Ne2+ 35. Kf2 Nxc1 36. b5 Nxa2 0-1


[Site "https://www.chess.com"]

[Event "Titled Tuesday Blitz May 16 Early 2023"]
[White "Lesbekova, Assel"]
[Black "Shapiro, Viktor"]
[WhiteFideId "13713248"]
[BlackFideId "4175700"]
[WhiteElo "1805"]
[BlackElo "2152"]
[Result "1-0"]
[Round "02"]
[TimeControl "180+2"]
[Date "2023.05.16"]
[WhiteClock "0:00:31"]
[BlackClock "0:00:10"]

1. e4 Nf6 2. e5 Nd5 3. d4 d6 4. c4 Nb6 5. exd6 cxd6 6. h3 g6 7. Nf3 Bg7 8. Nc3 O-O 9. Be2 e5 10. dxe5 dxe5 11. Bg5 Qxd1+ 12. Rxd1 f6 13. Be3 Be6 14. Nb5 Na6 15. c5 Nc4 16. Bxc4 Bxc4 17. Nd6 Bxa2 18. Nxb7 Rfc8 19. Ra1 Nb4 20. O-O Bd5 21. Nd6 Rc6 22. Ra4 Nd3 23. b4 f5 24. b5 Rcc8 25. Nxc8 Rxc8 26. c6 e4 27. Nd4 f4 28. Bd2 Nb2 29. Rxa7 Bxd4 30. Rd7 Bc4 31. Rxd4 Bxf1 32. Kxf1 Nd3 33. Rxe4 Nc5 34. Rc4 Ne6 35. b6 Kf7 36. b7 Rb8 37. c7 Nxc7 38. Rxc7+ Ke6 39. Bxf4 g5 40. Bh2 1-0


[Site "https://www.chess.com"]

[Event "Titled Tuesday Blitz May 16 Early 2023"]
[White "Golubev, Mikhail"]
[Black "Garrido, Denis"]
[WhiteFideId "14100983"]
[BlackFideId "601217"]
[WhiteElo "2374"]
[BlackElo "2254"]
[Result "0-1"]
[Round "02"]
[TimeControl "180+2"]
[Date "2023.05.16"]
[WhiteClock "0:00:00"]
[BlackClock "0:00:24"]

1. e4 e5 2. Nf3 Nc6 3. Bc4 Nf6 4. Ng5 d5 5. exd5 Na5 6. Bb5+ c6 7. dxc6 bxc6 8. Bd3 Nd5 9. Nf3 Bd6 10. O-O Nf4 11. Re1 O-O 12. Bf1 f5 13. Nxe5 Qf6 14. Nf3 g5 15. d4 g4 16. c4 gxf3 17. Qxf3 Ng6 18. c5 Bc7 19. d5 Nh4 20. Qh5 f4 21. d6 Bd8 22. Nc3 Bf5 23. Ne4 Qg7 24. Bd2 Bg4 25. Qxh4 Bxh4 26. Bxa5 Bf3 27. Bc3 Qg6 28. g3 Bxe4 29. Bc4+ Bd5 30. Bxd5+ cxd5 31. Re2 fxg3 32. hxg3 Bxg3 33. fxg3 Rf3 0-1


[Site "https://www.chess.com"]

[Event "Titled Tuesday Blitz May 16 Early 2023"]
[White "rikchessmx"]
[Black "Lehtosaari, Mauri"]
[BlackFideId "501999"]
[WhiteElo "2252"]
[BlackElo "2507"]
[Result "0-1"]
[Round "02"]
[TimeControl "180+2"]
[Date "2023.05.16"]
[WhiteClock "0:00:00"]
[BlackClock "0:00:16"]

1. e4 c5 2. Nf3 e6 3. d4 cxd4 4. Nxd4 Qb6 5. Nb3 Qc7 6. Bd3 Nf6 7. Qe2 Nc6 8. a3 a6 9. c4 Ne5 10. f4 Nxd3+ 11. Qxd3 d6 12. Nc3 b6 13. O-O Bb7 14. Kh1 Rc8 15. Nd2 Be7 16. Rf3 h5 17. b4 h4 18. Bb2 Ng4 19. h3 Nf6 20. Rc1 Nh5 21. Ne2 Bf6 22. Nd4 Ng3+ 23. Kh2 Rh5 24. f5 d5 25. exd5 Ne2+ 26. Kh1 Nxc1 27. Bxc1 exd5 28. Re3+ Kf8 29. Bb2 dxc4 30. Qc3 b5 31. Ne4 Bxe4 32. Rxe4 Rd8 33. Qe3 Qd7 34. Bc3 Rg5 35. Ne6+ fxe6 36. fxe6 Qe7 37. Bxf6 gxf6 38. Rxh4 Kg7 0-1


[Site "https://www.chess.com"]

[Event "Titled Tuesday Blitz May 16 Early 2023"]
[White "Ronka, Erik"]
[Black "Kuchava, Ana"]
[WhiteFideId "505080"]
[BlackFideId "13605348"]
[WhiteElo "2264"]
[BlackElo "2001"]
[Result "1-0"]
[Round "02"]
[TimeControl "180+2"]
[Date "2023.05.16"]
[WhiteClock "0:00:46"]
[BlackClock "0:01:02"]

1. d4 d5 2. c4 e6 3. Nc3 Be7 4. Nf3 Nf6 5. Bg5 O-O 6. e3 h6 7. Bh4 b6 8. Bxf6 Bxf6 9. cxd5 exd5 10. Be2 Bf5 11. O-O c5 12. Qb3 c4 13. Qd1 Nc6 14. b3 cxb3 15. Qxb3 Rc8 16. Nxd5 Na5 17. Nxf6+ Qxf6 18. Qa4 Be4 19. Rac1 Rfd8 20. Nd2 Bc6 21. Qb4 Qg5 22. Bf3 Bb5 23. Rfe1 Nc6 24. Qb2 Ne7 25. Ne4 Qf5 26. Rxc8 Rxc8 27. Nd6 Qc2 28. Qxc2 Rxc2 29. Nxb5 Rxa2 30. d5 Kf8 31. Rc1 Ke8 32. Nd6+ Kd7 33. Nxf7 1-0


[Site "https://www.chess.com"]

[Event "Titled Tuesday Blitz May 16 Early 2023"]
[White "Baches Garcia, Guillermo"]
[Black "Boder, Jan"]
[WhiteFideId "2209764"]
[BlackFideId "16243226"]
[WhiteElo "2504"]
[BlackElo "2241"]
[Result "0-1"]
[Round "02"]
[TimeControl "180+2"]
[Date "2023.05.16"]
[WhiteClock "0:00:00"]
[BlackClock "0:00:07"]

1. e4 e5 2. Nf3 Nf6 3. Nc3 Nc6 4. d4 exd4 5. Nxd4 Bb4 6. Nxc6 bxc6 7. Bd3 d5 8. Bd2 Bxc3 9. Bxc3 dxe4 10. Bxf6 Qxf6 11. Qe2 O-O 12. Qxe4 g6 13. O-O Qxb2 14. Qxc6 Bb7 15. Qxc7 Rac8 16. Qf4 Qb6 17. Rfe1 Rc5 18. Re7 Bd5 19. h4 Qc6 20. f3 Be6 21. Kh2 a5 22. a4 Qb6 23. Re1 Qd8 24. Qf6 Rc6 25. Bb5 Rd6 26. h5 Bf5 27. Qc3 gxh5 28. Re8 Qh4+ 29. Kg1 Qf6 30. Qxf6 Rxf6 31. c4 Rd6 32. c5 Rd2 33. c6 Rc2 34. R8e7 h4 35. c7 h3 36. gxh3 Bxh3 37. Ba6 Kg7 38. Bb7 Kf6 39. R7e4 Rg8+ 40. Kh1 Bg2+ 41. Kh2 Bxf3+ 42. Kh3 Bxe4 43. Rxe4 Rxc7 44. Ba6 Rc3+ 45. Kh4 Rg1 46. Bb5 Rh1+ 47. Kg4 Rg1+ 48. Kh4 Rc2 49. Rf4+ Ke6 50. Kh3 f5 51. Rf3 Ke5 0-1


[Site "https://www.chess.com"]